 Dungeon Crawl Stone Soup version 0.21-a0-509-gecc5317402 (webtiles) character file.

42 Kaname the Magician (level 3, 0/24 HPs)
             Began as a Demonspawn Wizard on Nov 30, 2017.
             Slain by a hobgoblin
             ... wielding a +0 club
             ... led by Robin
              (5 damage)
             ... on level 1 of the Dungeon.
             The game lasted 00:02:36 (952 turns).

Kaname the Magician (Demonspawn Wizard)              Turns: 952, Time: 00:02:37

Health: 0/24       AC:  2    Str:  7    XL:     3   Next: 35%
Magic:  1/7        EV: 14    Int: 20    God:
Gold:   100        SH:  0    Dex: 11    Spells: 2/8 levels left

rFire    . . .     SeeInvis .   (no weapon)
rCold    + . .     Gourm    .   (no shield)
rNeg     . . .     Faith    .   a - +0 robe
rPois    .         Spirit   .   b - +0 hat
rElec    .         Reflect  .   (no cloak)
rCorr    .         Harm     .   (no gloves)
MR       .....                  (no boots)
Stlth    ++........             (no amulet)
HPRegen  0.08/turn              i - +2 ring of evasion
MPRegen  0.10/turn              j - ring of protection from cold

@: very slightly contaminated
A: talons 1
a: no special abilities


You were on level 1 of the Dungeon.
You were not hungry.

You visited 1 branch of the dungeon, and saw 2 of its levels.

You collected 100 gold pieces.

Inventory:

Armour
 a - a +0 robe (worn)
 b - a +0 hat (worn)
Jewellery
 g - an uncursed amulet of the gourmand {unknown}
 i - a +2 ring of evasion (left hand)
 j - a ring of protection from cold (right hand)
Scrolls
 e - a scroll of random uselessness {unknown}
 h - a scroll of identify {unknown}
 k - a scroll of enchant armour {unknown}
 l - a scroll of magic mapping {unknown}
Potions
 f - a potion of curing {unknown}
Books
 c - a book of Minor Magic

   Spells                             Type                      Level
   a - Magic Dart                     Conjuration                  1
   b - Blink                          Translocation                2
   c - Call Imp                       Summoning                    2
   d - Slow                           Hexes                        2
   e - Conjure Flame                  Conjuration/Fire             3
   f - Mephitic Cloud                 Conjuration/Poison/Air       3
Comestibles
 d - a bread ration
 m - a meat ration


   Skills:
 - Level 1.7 Dodging
 - Level 1.7 Stealth
 - Level 3.0 Spellcasting
 - Level 3.0 Conjurations
   Level 1.0 Summonings
 - Level 1.0 Translocations
 + Level 1.0 Air Magic


You had 2 spell levels left.
You knew the following spells:

 Your Spells              Type           Power        Failure   Level  Hunger
a - Magic Dart            Conj           ###.         4%          1    None
b - Blink                 Tloc           N/A          14%         2    ##.....
c - Mephitic Cloud        Conj/Pois/Air  #.......     24%         3    ###....


Dungeon Overview and Level Annotations

Branches:
Dungeon (2/15)

Altars:

Annotations:
D:1 Robin
D:2 Natasha


Innate Abilities, Weirdness & Mutations

You have sharp toenails.


Message History

The hobgoblin is moderately wounded.
The hobgoblin hits you with a club.
* * * LOW HITPOINT WARNING * * *
Casting: Magic Dart
Confirm with . or Enter, or press ? or * to list all spells.
Aiming: Magic Dart
Press: ? - help, Shift-Dir - straight line, f/p - hobgoblin
Aim: a hobgoblin, wielding a club (moderately wounded, unusually strong)
You miscast Magic Dart.
You are very lightly contaminated with residual magic.
Nothing appears to happen.
The hobgoblin closely misses you.
Casting: Magic Dart
Confirm with . or Enter, or press ? or * to list all spells.
Aiming: Magic Dart
Press: ? - help, Shift-Dir - straight line, f/p - hobgoblin
Aim: a hobgoblin, wielding a club (moderately wounded, unusually strong)
The magic dart hits the hobgoblin.
The hobgoblin is severely wounded.
The hobgoblin hits you with a club.
You die...

#### ######### #... ........#
#... ........# ######## #...
........############......####...
................@gg.>............
........############......####...
...)....###.....# #......# #...
....)...........# #......#####..
........#.......# #......##....#
##########......# #......##.####
##..†..# #.#.####..# ###..##
#.#.##...## ######
#..#####.#.##.#######


You could see Robin and a hobgoblin.

Vanquished Creatures
  An ooze (D:2)
  2 leopard geckos (D:1)
  2 ball pythons
  3 bats (D:1)
  2 giant cockroaches
  9 goblins
  5 hobgoblins
  3 kobolds
  4 frilled lizards
  A rat (D:2)
32 creatures vanquished.

Notes
Turn   | Place    | Note
-------+----------+-------------------------------------------
     0 | D:1      | Kaname the Demonspawn Wizard began the quest for the Orb.
     0 | D:1      | Reached XP level 1. HP: 13/13 MP: 4/4
   148 | D:1      | Gained mutation: You have sharp toenails. [demonic ancestry]
   148 | D:1      | Reached XP level 2. HP: 19/19 MP: 1/6
   624 | D:2      | Learned a level 2 spell: Blink
   624 | D:2      | Reached XP level 3. HP: 23/24 MP: 0/7
   630 | D:2      | Learned a level 3 spell: Mephitic Cloud
   639 | D:2      | Reached skill level 1 in Translocations
   848 | D:2      | Reached skill level 1 in Air Magic
   879 | D:2      | Noticed Natasha
   941 | D:2      | Noticed Robin
   952 | D:1      | Slain by a hobgoblin

Vault maps used:
D:1:      lemuel_arrival_funnel
D:2:      minmay_box_of_dots, uniq_robin, uniq_natasha

Skill      XL: |  1  2  3 |
---------------+----------+-----
Conjurations   | 2 3 |  3.0
Translocations | 1 |  1.0
Air Magic      | 1 |  1.0
Dodging        | |  1.7
Stealth        | |  1.7
Spellcasting   | |  3.0
Summonings     | |  1.0

Action                   || total
-------------------------++-------
Melee: Unarmed           ||    39
       Kick              ||     7
 Cast: Magic Dart        ||    68
Armor: Robe              ||    11
Dodge: Dodged            ||    29

Table legend:
 A = Spawn XP
 B = Non-spawn XP
 C = Spawn XP percentage of total XP
 D = Spawn monster count
 E = Non-spawn monster count
 F = Spawn count percentage of total count
 G = Total turns spent on level
                    A         B        C        D         E        F      G
               +---------+---------+-------+---------+---------+-------+---------
         Total |       0 |      61 |   0.0 |       0 |      32 |   0.0 |   952
               +---------+---------+-------+---------+---------+-------+---------
           D:1 |       0 |      36 |   0.0 |       0 |      19 |   0.0 |   663
           D:2 |       0 |      25 |   0.0 |       0 |      13 |   0.0 |   289
               +---------+---------+-------+---------+---------+-------+---------
